 Dungeon Crawl Stone Soup version 0.24-a0-412-ge138f7edaf (webtiles) character file.

Game seed: 1182324950645545996

4699 Inarius the Arsonist (level 10, -2/58 HPs)
             Began as a Deep Elf Fire Elementalist on June 6, 2019.
             Was an Elder of Vehumet.
             Slain by a shadow (20 damage)
             ... on level 7 of the Dungeon.
             The game lasted 00:25:46 (9596 turns).

Inarius the Arsonist (Deep Elf Fire Elementalist)   Turns: 9596, Time: 00:25:46

Health: -2/58      AC: 10    Str:  5    XL:     10   Next: 21%
Magic:  1/23       EV: 17    Int: 24    God:    Vehumet [****..]
Gold:   234        SH:  0    Dex: 15    Spells: 4/24 levels left

rFire    . . .     SeeInvis .   p - +6 short sword (venom)
rCold    . . .     Gourm    .   (no shield)
rNeg     . . .     Faith    .   C - +2 robe {MR+}
rPois    .         Spirit   .   (no helmet)
rElec    .         Reflect  .   j - +2 cloak
rCorr    .         Harm     .   A - +2 pair of gloves
MR       ++...                  (no boots)
Stlth    ++........             (no amulet)
HPRegen  0.19/turn              z - ring of flight
MPRegen  0.18/turn              (no ring)

@: no status effects
A: no striking features
a: Renounce Religion, Evoke Flight


You were on level 7 of the Dungeon.
You worshipped Vehumet.
Vehumet was greatly pleased with you.
You were very hungry.

You visited 1 branch of the dungeon, and saw 8 of its levels.
You also visited: Sewer and Ossuary.

You collected 234 gold pieces.

Inventory:

Hand Weapons
 p - a +6 short sword of venom (weapon)
Missiles
 d - 7 javelins (quivered)
Armour
 b - a +1 leather armour
 j - a +2 cloak (worn)
 o - the +3 leather armour of Terror {+Blink rPois, unknown}
   (You found it on level 6 of the Dungeon)

   It protects you from poison.
   It lets you blink.
 r - a +2 leather armour of fire resistance
 A - a +2 pair of gloves (worn)
 C - a +2 robe of magic resistance (worn)
Jewellery
 z - a ring of flight (left hand)
Scrolls
 h - 2 scrolls of fog
 n - 8 scrolls of teleportation
 s - a scroll of enchant armour
 t - 2 scrolls of remove curse
 v - a scroll of identify
 x - 2 scrolls of fear
Potions
 e - 6 potions of curing
 f - a potion of degeneration {unknown}
 g - 6 potions of haste
 i - a potion of magic {unknown}
 k - 3 potions of brilliance
 l - 2 potions of agility {unknown}
 m - a potion of might {unknown}
 q - 2 potions of lignification
 u - a potion of flight
 w - a potion of berserk rage {unknown}
 B - 2 potions of heal wounds {unknown}
Comestibles
 a - 7 chunks of flesh
 c - 12 rations


   Skills:
 * Level 4.4 Fighting
 + Level 3.1 Short Blades
 + Level 0.1 Throwing
 * Level 7.4 Dodging
 - Level 2.4 Stealth
 + Level 7.9 Spellcasting
 + Level 6.0 Conjurations
 * Level 10.2 Fire Magic
 * Level 2.7 Evocations


You had 4 spell levels left.
You knew the following spells:

 Your Spells              Type           Power        Failure   Level  Hunger
a - Flame Tongue          Conj/Fire      #####        1%          1    None
b - Throw Flame           Conj/Fire      #####.       1%          2    None
c - Conjure Flame         Conj/Fire      #####...     1%          3    None
d - Sticky Flame          Conj/Fire      #####...     1%          4    ###....
e - Fireball              Conj/Fire      #####.....   1%          5    #####..
f - Lightning Bolt        Conj/Air       ###.......   13%         5    #####..

Your spell library contained the following spells:

 Spells                   Type           Power        Failure   Level  Hunger
 Venom Bolt               Conj/Pois      ###.......   13%         5    #####..
 Inner Flame              Hex/Fire       ####....     1%          3    None


Dungeon Overview and Level Annotations

Branches:
Dungeon (8/15)             Temple (0/1) D:6
   Lair: D:8-11

Altars:
Cheibriados
Gozag
Makhleb
Okawaru
Sif Muna
Vehumet
Xom

Shops:
D:6 %   D:7 :

Annotations:
D:6 2 transporters, aaksess's ghost, novice NaVM


Message History

Confirm with . or Enter, or press ? or * to list all spells.
Aiming: Flame Tongue (safe; 1% risk of failure)
Press: ? - help, Shift-Dir - straight line, f/p - shadow
Aim: a shadow (almost destroyed)
The flame tongue hits the shadow.
The shadow is almost destroyed.
The shadow barely misses you.
Casting: Flame Tongue (safe; 1% risk of failure)
Confirm with . or Enter, or press ? or * to list all spells.
You don't have enough magic to cast that spell.
Unknown command.
Unknown command.
You barely miss the shadow.
The shadow is almost destroyed.
The shadow slips into darkness.
The shadow flickers and vanishes!
Deactivating autopickup; reactivate with Ctrl-A.
You are feeling very hungry.
The shadow strikes at you from the darkness!
You die...

#....##.#.# #.##....#
#.#
####.#.###...#########'#
###
.....#.#####.#....#....#
######.......#....#.⌠..#
#.#######....#..⌠.# #.#
#...÷'....#
#.#######....######
#.##....#....#
#.##.####..@.# ## #.##.#
#....# .#####.##.##
#....# ...........#
#†#### #####...#..#
#...P# #.......###P...#
##...#....#...P#
##.#######P...# #.#
#...P#


There were no monsters in sight!

Vanquished Creatures
  A two-headed ogre (D:8)
  A troll (D:7)
  A hungry ghost (D:7)
  Duvessa (D:5)
  A water moccasin (D:7)
  A sky beast (D:7)
  2 black bears
  3 orc warriors
  An ice beast (D:7)
  An eye of draining (D:7)
  2 phantoms
  2 ogres
  3 centaurs
  3 big kobolds (Sewer)
  3 bullfrogs
  Dowan (D:5)
  3 killer bees (D:6)
  A troll zombie (Ossuary)
  6 howler monkeys
  3 crimson imps
  A bullfrog zombie (D:8)
  A quasit (D:8)
  3 centaur zombies (Ossuary)
  6 hounds
  3 orc priests
  4 jellies
  5 orc wizards
  2 worker ants
  2 big kobold zombies (Ossuary)
  An ogre zombie (Ossuary)
  7 mummies (Ossuary)
  A howler monkey zombie (D:6)
  2 worker ant zombies
  11 adders
  A river rat (Sewer)
  A shadow imp (D:7)
  2 oozes
  3 adder zombies
  3 worms (Sewer)
  5 dart slugs
  6 leopard geckos
  31 orcs
  6 ball pythons
  5 giant cockroaches
  8 goblins
  8 hobgoblins
  16 jackals
  3 quokkas
  8 bats
  11 frilled lizards
  5 goblin zombies (Ossuary)
  2 hobgoblin zombies (Ossuary)
  10 kobolds
  4 kobold zombies (Ossuary)
  A leopard gecko zombie (D:5)
  4 quokka zombies (Ossuary)
  26 rats
  6 rat zombies (Ossuary)
264 creatures vanquished.

Notes
Turn   | Place    | Note
-------+----------+-------------------------------------------
     0 | D:1      | Inarius the Deep Elf Fire Elementalist began the quest for
                  | the Orb.
     0 | D:1      | Reached XP level 1. HP: 10/10 MP: 6/6
   232 | D:1      | Reached XP level 2. HP: 13/15 MP: 4/8
   294 | D:1      | Learned a level 2 spell: Throw Flame
  1185 | D:2      | Reached XP level 3. HP: 20/20 MP: 8/10
  1193 | D:2      | Reached skill level 4 in Fire Magic
  1283 | D:2      | Found a shimmering altar of Xom.
  1283 | D:2      | Found a radiant altar of Vehumet.
  1283 | D:2      | Found a burning altar of Makhleb.
  1323 | D:2      | Became a worshipper of Vehumet
  1406 | D:2      | Found a snail-covered altar of Cheibriados.
  1598 | D:2      | Reached XP level 4. HP: 11/24 MP: 0/12
  2044 | D:2      | Found an iron altar of Okawaru.
  2281 | D:3      | Reached skill level 1 in Fighting
  2545 | D:3      | Reached * piety under Vehumet
  2545 | D:3      | Offered knowledge of Shock by Vehumet.
  2554 | D:3      | Found a glowing drain.
  2586 | D:3      | Reached XP level 5. HP: 24/29 MP: 3/14
  2663 | Sewer    | Entered a sewer
  2909 | Sewer    | Reached skill level 5 in Spellcasting
  2909 | Sewer    | Reached skill level 5 in Fire Magic
  2973 | Sewer    | Reached XP level 6. HP: 34/34 MP: 11/15
  3500 | D:3      | Offered knowledge of Sandblast by Vehumet.
  3508 | D:3      | Learned a level 3 spell: Conjure Flame
  3520 | D:3      | Reached ** piety under Vehumet
  3617 | D:3      | Learned a level 4 spell: Sticky Flame
  3623 | D:3      | Learned a level 5 spell: Fireball
  4044 | D:4      | Reached skill level 6 in Fire Magic
  4088 | D:4      | Found a sand-covered staircase.
  4127 | Ossuary  | Entered an ossuary
  4157 | Ossuary  | Reached XP level 7. HP: 40/40 MP: 9/16
  4795 | Ossuary  | Offered knowledge of Static Discharge by Vehumet.
  4887 | Ossuary  | Reached *** piety under Vehumet
  4996 | D:4      | Reached skill level 7 in Fire Magic
  5290 | D:4      | Offered knowledge of Dazzling Spray by Vehumet.
  5462 | D:4      | Reached XP level 8. HP: 45/45 MP: 11/17
  5699 | D:5      | Entered Level 5 of the Dungeon
  5704 | D:5      | Reached skill level 5 in Dodging
  5707 | D:5      | Reached **** piety under Vehumet
  5812 | D:5      | Offered knowledge of Lightning Bolt by Vehumet.
  5816 | D:5      | Reached skill level 1 in Short Blades
  6090 | D:5      | Found an opulent altar of Gozag.
  6197 | D:5      | Reached skill level 8 in Fire Magic
  6321 | D:5      | Noticed Duvessa
  6321 | D:5      | Noticed Dowan
  6343 | D:5      | Killed Duvessa
  6346 | D:5      | Killed Dowan
  7236 | D:6      | Noticed aaksess's ghost (novice NaVM)
  7259 | D:6      | Found Siticw Muth's Food Boutique.
  7301 | D:6      | Got a scorched leather armour
  7319 | D:6      | Found a staircase to the Ecumenical Temple.
  7378 | D:6      | Reached XP level 9. HP: 51/51 MP: 16/20
  7385 | D:6      | Learned a level 5 spell: Lightning Bolt
  7410 | D:6      | Found a transporter.
  7500 | D:6      | Reached skill level 5 in Conjurations
  7519 | D:6      | Reached ***** piety under Vehumet
  7719 | D:6      | Offered knowledge of Venom Bolt by Vehumet.
  7774 | D:6      | Found a transporter.
  8255 | D:7      | Reached skill level 9 in Fire Magic
  8516 | D:7      | Reached skill level 1 in Evocations
  8747 | D:7      | Found a deep blue altar of Sif Muna.
  8888 | D:7      | Found Heygoare's Book Boutique.
  9362 | D:8      | Noticed a two-headed ogre
  9392 | D:8      | Killed a two-headed ogre
  9392 | D:8      | Reached skill level 10 in Fire Magic
  9392 | D:8      | Reached XP level 10. HP: 58/58 MP: 4/23
  9596 | D:7      | Slain by a shadow

Levels and vault maps discovered:
D:1:      minmay_arrival_nine_rooms, layout_loops_ring, roderic_roman_lattice
D:2:      layout_basic, old_standard_altar, gammafunk_temple_overflow_claw,
          kennysheep_slug_shrine
D:3:      layout_basic, gup_sewer_entry_glass
D:4:      layout_basic, lightli_ossuary_entry_decrepit_ruins, minmay_rat_hole
D:5:      black_bear_nest_2, layout_loops_ring, lemuel_crystal_altar,
          first_ration, uniq_duvessa
D:6:      layout_loops_corners, minmay_temple_entry_mist, serial_shops, shop,
          gammafunk_ghost_stat_death, dk_noncrumbling_2, st_stairs_1
D:7:      minmay_klotski, layout_loops_corners, lemuel_crystal_altar,
          serial_shops, shop
D:8:      layout_cave_pods, david_lair_generic

Skill      XL: |  1  2  3  4  5  6  7  8  9 10 |
---------------+-------------------------------+-----
Fire Magic     | 4 5 6 7 8 10 | 10.2
Spellcasting   | 4 5 6 7 |  7.9
Fighting       | 1 2 3 4 |  4.4
Conjurations   | 2 3 4 5 6 |  6.0
Dodging        | 3 4 5 7 |  7.4
Short Blades   | 2 3 |  3.1
Evocations     | 2 |  2.7
Throwing       | |  0.1
Stealth        | |  2.4

Action                   |  1- 3 |  4- 6 |  7- 9 | 10-12 || total
-------------------------+-------+-------+-------+-------++-------
Melee: Short sword       |     6 |    24 |   208 |    13 ||   251
Throw: Javelin           |       |       |     3 |       ||     3
 Cast: Flame Tongue      |    50 |    82 |   141 |    20 ||   293
       Throw Flame       |    16 |    38 |    79 |     2 ||   135
       Sticky Flame      |       |     3 |    18 |       ||    21
       Conjure Flame     |       |     1 |     8 |     1 ||    10
       Fireball          |       |       |     3 |     2 ||     5
       Lightning Bolt    |       |       |     1 |       ||     1
  Use: Scroll            |       |     8 |    11 |       ||    19
       Potion            |       |     1 |       |       ||     1
 Stab: Sleeping          |       |     2 |    14 |       ||    16
  Eat: Chunk             |     2 |     9 |    16 |       ||    27
       Ration            |       |       |     1 |       ||     1
Armor: Robe              |     5 |    15 |    71 |     3 ||    94
Dodge: Dodged            |     9 |    59 |   185 |    20 ||   273

Table legend:
 A = Non-vault XP
 B = Vault XP
 C = Vault XP percentage of total XP
 D = Non-vault monster count
 E = Vault monster count
 F = Vault count percentage of total count
                 A         B        C        D         E       F
            +---------+---------+-------+---------+---------+-------
      Total |    4680 |    2034 |  30.3 |     173 |      91 |  34.5
            +---------+---------+-------+---------+---------+-------
        D:1 |      32 |       0 |   0.0 |      19 |       0 |   0.0
        D:2 |      70 |       4 |   5.4 |      25 |       1 |   3.8
        D:3 |      85 |      41 |  32.5 |      32 |       4 |  11.1
        D:4 |     478 |      20 |   4.0 |      24 |      19 |  44.2
        D:5 |     652 |     356 |  35.3 |      19 |       3 |  13.6
        D:6 |     680 |      13 |   1.9 |      24 |       1 |   4.0
        D:7 |    1363 |     819 |  37.5 |      22 |       7 |  24.1
        D:8 |    1320 |       0 |   0.0 |       8 |       0 |   0.0
      Sewer |       0 |     352 | 100.0 |       0 |      19 | 100.0
    Ossuary |       0 |     429 | 100.0 |       0 |      37 | 100.0
            +---------+---------+-------+---------+---------+-------
